[Event "Titled Tuesday Blitz February 14 Early 2023"]
[White "Skliarov, Viktor"]
[Black "Skuhala, Barbara"]
[WhiteFideId "14106736"]
[BlackFideId "14605465"]
[WhiteElo "2383"]
[BlackElo "2153"]
[Result "1-0"]
[Round "10"]
[TimeControl "180+2"]
[Date "2023.02.14"]
[WhiteClock "0:02:37"]
[BlackClock "0:01:57"]

1. e4 c5 2. Nf3 d6 3. d4 cxd4 4. Qxd4 a6 5. Be3 Nc6 6. Qd2 Nf6 7. Nc3 g6 8. O-O-O Bg7 9. e5 dxe5 10. Qxd8+ Nxd8 11. Nxe5 O-O 12. Na4 Be6 13. Nb6 Rb8 14. Be2 Ne4 15. Ned7 1-0


[Site "https://www.chess.com"]

[Event "Titled Tuesday Blitz February 14 Early 2023"]
[White "Lucassen, Mickey"]
[Black "Baskakov, Egor"]
[WhiteFideId "12919110"]
[BlackFideId "24197866"]
[WhiteElo "2023"]
[BlackElo "2215"]
[Result "0-1"]
[Round "10"]
[TimeControl "180+2"]
[Date "2023.02.14"]
[WhiteClock "0:00:17"]
[BlackClock "0:00:49"]

1. e4 c5 2. Nc3 Nc6 3. Bb5 g6 4. Bxc6 dxc6 5. d3 e5 6. f4 exf4 7. Bxf4 Bg7 8. Nf3 h6 9. O-O Ne7 10. Qe1 g5 11. Bg3 O-O 12. Kh1 Ng6 13. Rd1 f5 14. exf5 Bxf5 15. Ne5 Kh7 16. Nc4 Qd7 17. Bd6 Rfe8 18. Qf2 Bg4 19. Rde1 b5 20. Qxc5 bxc4 21. dxc4 Rxe1 22. Rxe1 Rd8 23. Bg3 Qf5 24. Qxc6 Qxc2 25. Nd5 Qxb2 26. Qc7 Rd7 27. Qc8 Rxd5 28. Qxg4 Rd4 29. Qf5 Rxc4 30. Re6 Rc1+ 31. Be1 Qb1 32. Qxb1 Rxb1 0-1


[Site "https://www.chess.com"]

[Event "Titled Tuesday Blitz February 14 Early 2023"]
[White "Martinez Ramirez, Lennis"]
[Black "Reprintsev, Alexander"]
[WhiteFideId "3509079"]
[BlackFideId "14100541"]
[WhiteElo "2426"]
[BlackElo "2253"]
[Result "1-0"]
[Round "10"]
[TimeControl "180+2"]
[Date "2023.02.14"]
[WhiteClock "0:01:47"]
[BlackClock "0:00:15"]

1. c4 e5 2. Nc3 Nc6 3. g3 Bc5 4. Bg2 Nf6 5. a3 a5 6. e3 d6 7. Nge2 Bg4 8. h3 Bh5 9. O-O Qd7 10. g4 Nxg4 11. hxg4 Bxg4 12. Rb1 h5 13. f3 Bh3 14. d4 Ba7 15. Nb5 Rh6 16. Rf2 Rg6 17. Qf1 Bb6 18. Kh2 Bxg2 19. Rxg2 O-O-O 20. Rxg6 fxg6 21. Qh3 Rf8 22. Qxd7+ Kxd7 23. Kg2 g5 24. b4 axb4 25. axb4 Ra8 26. c5 Ra2 27. Rb2 Rxb2 28. Bxb2 Ba7 29. d5 Nxb4 30. Nxa7 dxc5 31. Bxe5 g6 32. e4 Nd3 33. Bf6 c6 34. Bxg5 cxd5 35. exd5 Kd6 36. Nc3 c4 37. Nab5+ Kc5 38. Be7+ Kb6 39. Kg3 1-0


[Site "https://www.chess.com"]

[Event "Titled Tuesday Blitz February 14 Early 2023"]
[White "Dehtiarov, Roman"]
[Black "Jeet, Jain"]
[WhiteFideId "14186640"]
[BlackFideId "5073022"]
[WhiteElo "2289"]
[BlackElo "2199"]
[Result "1-0"]
[Round "10"]
[TimeControl "180+2"]
[Date "2023.02.14"]
[WhiteClock "0:02:18"]
[BlackClock "0:00:27"]

1. e4 c6 2. Nc3 d5 3. Nf3 g6 4. d4 Bg7 5. e5 Bg4 6. h3 Bxf3 7. Qxf3 h5 8. Bd3 e6 9. Ne2 c5 10. c3 Nc6 11. O-O Qb6 12. Rd1 Nge7 13. a3 a5 14. Be3 c4 15. Bc2 a4 16. Bg5 Nf5 17. Bxf5 gxf5 18. Nf4 Kd7 19. Nxh5 Rhg8 20. h4 Kc7 21. g3 Ra5 22. Rd2 Rb5 23. Nxg7 Rxg7 24. Bf6 Rg6 25. h5 Rh6 26. Ra2 Na5 27. Bg7 Rh7 28. h6 Nb3 29. Rc2 Na5 30. Qh5 Qc6 31. Qxf7+ Qd7 32. Qg6 1-0


[Site "https://www.chess.com"]

[Event "Titled Tuesday Blitz February 14 Early 2023"]
[White "Girsh, Daniel"]
[Black "Escalona Landi, Samid Eduardo"]
[WhiteFideId "30949190"]
[BlackFideId "3937437"]
[WhiteElo "2123"]
[BlackElo "2218"]
[Result "1-0"]
[Round "10"]
[TimeControl "180+2"]
[Date "2023.02.14"]
[WhiteClock "0:01:07"]
[BlackClock "0:00:46"]

1. e4 c5 2. Nf3 d6 3. Bb5+ Nc6 4. d4 cxd4 5. Nxd4 Bd7 6. O-O Nf6 7. Re1 e5 8. Nf5 a6 9. Bxc6 Bxc6 10. Bg5 g6 11. Ne3 h6 12. Bxf6 Qxf6 13. Nd5 Qd8 14. Nbc3 Bg7 15. Qf3 O-O 16. Rad1 Rc8 17. Qg3 h5 18. Rd3 Kh7 19. Rf3 Bd7 20. h4 f5 21. exf5 Rxf5 22. Ne4 Rxf3 23. Qxf3 Bf5 24. Ng5+ Kg8 25. Ne3 e4 26. Nxe4 Qxh4 27. Nxf5 gxf5 28. Qxf5 Rf8 29. Qe6+ Kh8 30. Qxd6 Bxb2 31. Qxf8+ 1-0


[Site "https://www.chess.com"]

[Event "Titled Tuesday Blitz February 14 Early 2023"]
[White "Weetik, Vjacheslav"]
[Black "Jaskolka, Tomasz"]
[WhiteFideId "4153472"]
[BlackFideId "1170791"]
[WhiteElo "2423"]
[BlackElo "2238"]
[Result "1/2-1/2"]
[Round "10"]
[TimeControl "180+2"]
[Date "2023.02.14"]
[WhiteClock "0:00:55"]
[BlackClock "0:02:00"]

1. e4 c5 2. Nf3 e6 3. d4 cxd4 4. Nxd4 Nc6 5. Nc3 Qc7 6. g3 a6 7. Bg2 Nf6 8. O-O Nxd4 9. Qxd4 Bc5 10. Bf4 d6 11. Qd2 h6 12. Na4 e5 13. Nxc5 dxc5 14. Be3 Ng4 15. Rad1 Be6 16. a3 O-O 17. Qc3 Nxe3 18. Qxe3 Rfd8 19. f4 f6 20. Bf3 b6 21. Bh5 Rxd1 22. Rxd1 Rd8 23. Rd2 Rxd2 24. Qxd2 Qd7 25. Qxd7 Bxd7 26. Kf2 Kf8 27. Ke3 Ke7 28. Be2 a5 29. c3 Kd6 30. h4 g5 1/2-1/2


[Site "https://www.chess.com"]

[Event "Titled Tuesday Blitz February 14 Early 2023"]
[White "Novikov, Evgenij"]
[Black "Morefield, Jason"]
[WhiteFideId "4125380"]
[BlackFideId "30920825"]
[WhiteElo "2276"]
[BlackElo "2167"]
[Result "0-1"]
[Round "10"]
[TimeControl "180+2"]
[Date "2023.02.14"]
[WhiteClock "0:00:10"]
[BlackClock "0:00:04"]

1. d4 Nf6 2. c4 e6 3. Nc3 Bb4 4. e3 O-O 5. Ne2 c6 6. a3 Ba5 7. b4 Bc7 8. e4 d5 9. cxd5 exd5 10. e5 Ne4 11. Nxe4 dxe4 12. Nc3 a5 13. Be3 axb4 14. axb4 Rxa1 15. Qxa1 f6 16. Bc4+ Kh8 17. O-O fxe5 18. Nxe4 Qh4 19. Ng3 Nd7 20. Be6 Nf6 21. Bxc8 Rxc8 22. Nf5 Qh5 23. Ng3 Qh4 24. Nf5 Qg4 25. dxe5 Qxf5 26. exf6 gxf6 27. Qa7 Qd7 28. g3 Be5 29. Qc5 Rg8 30. Rc1 Kg7 31. Qc2 h5 32. Rd1 Qe6 33. Qe2 Rh8 34. b5 h4 35. bxc6 bxc6 36. Qf3 hxg3 37. fxg3 Rc8 38. Rd2 c5 39. Bf4 Bd4+ 40. Kg2 Re8 41. h4 Qe4 42. Ra2 Qxf3+ 43. Kxf3 Re1 44. h5 f5 45. h6+ Kg6 46. Ra6+ Kh7 47. Ra7+ Kg6 48. Kg2 Re2+ 49. Kh3 Bg1 50. Ra6+ Kh5 51. g4+ fxg4+ 52. Kg3 Bh2# 0-1


[Site "https://www.chess.com"]

[Event "Titled Tuesday Blitz February 14 Early 2023"]
[White "Donskov, Anatoly"]
[Black "Manukyan, Sargis A."]
[WhiteFideId "24143413"]
[BlackFideId "13303970"]
[WhiteElo "2279"]
[BlackElo "2158"]
[Result "0-1"]
[Round "10"]
[TimeControl "180+2"]
[Date "2023.02.14"]
[WhiteClock "0:00:02"]
[BlackClock "0:00:10"]

1. e4 c5 2. Nf3 d6 3. d4 cxd4 4. Nxd4 Nf6 5. Nc3 g6 6. Be3 Bg7 7. f3 O-O 8. Bc4 Nc6 9. Qd2 Bd7 10. O-O-O Rc8 11. Bb3 Nxd4 12. Bxd4 b5 13. Nd5 Nxd5 14. Bxg7 Kxg7 15. Bxd5 a5 16. h4 e6 17. h5 exd5 18. hxg6 hxg6 19. Qh6+ Kf6 20. Qh4+ Kg7 21. Qh6+ Kf6 22. Qh4+ g5 23. Qh6+ Ke7 24. exd5 Bf5 25. Qxg5+ Kd7 26. Qxf5+ Kc7 27. Kb1 Kb6 28. g4 Rc5 29. Rh6 Qc7 30. g5 Rc8 31. Rd2 Qe7 32. Qe4 Qxg5 33. Rxd6+ Kc7 34. Rd1 Kxd6 35. f4 Qe7 36. Qf5 Rxc2 37. Qd3 Qc7 38. Qa3+ b4 39. Qe3 Qe7 40. Qb6+ Kd7 41. Qb7+ Kd8 42. Qb6+ Ke8 43. Rh1 Rc1+ 44. Rxc1 Qe4+ 45. Ka1 Rxc1# 0-1


[Site "https://www.chess.com"]

[Event "Titled Tuesday Blitz February 14 Early 2023"]
[White "Turzo, Attila"]
[Black "Skvortsov, Andrei"]
[WhiteFideId "704954"]
[BlackFideId "24108600"]
[WhiteElo "2279"]
[BlackElo "2313"]
[Result "1-0"]
[Round "10"]
[TimeControl "180+2"]
[Date "2023.02.14"]
[WhiteClock "0:00:21"]
[BlackClock "0:01:54"]

1. d4 b6 2. c4 Bb7 3. Nc3 g6 4. e4 Bg7 5. Nf3 e6 6. Be2 Ne7 7. O-O d5 8. cxd5 exd5 9. e5 O-O 10. Bf4 c5 11. Qd2 Nbc6 12. Bh6 cxd4 13. Nb5 Bxh6 14. Qxh6 Nf5 15. Qf4 Re8 16. Bd3 a6 17. Bxf5 axb5 18. Bd3 b4 19. Bb5 Re6 20. Bxc6 Bxc6 21. Nxd4 b3 22. Nxe6 fxe6 23. axb3 Rxa1 24. Rxa1 Qe7 25. Rc1 Qd7 26. Qb4 Bb5 27. Qc3 d4 28. Qc8+ Qxc8 29. Rxc8+ Kg7 30. f4 g5 31. g3 Kg6 32. Rb8 d3 33. Kf2 d2 34. Rd8 gxf4 35. gxf4 Kf5 36. Ke3 Bc6 37. Rxd2 Bd5 38. b4 h6 39. Rxd5 exd5 40. Kd4 1-0


[Site "https://www.chess.com"]

[Event "Titled Tuesday Blitz February 14 Early 2023"]
[White "Mohamed Anees M"]
[Black "Bilan, Danila"]
[WhiteFideId "35065815"]
[BlackFideId "24161918"]
[WhiteElo "2315"]
[BlackElo "2303"]
[Result "1-0"]
[Round "10"]
[TimeControl "180+2"]
[Date "2023.02.14"]
[WhiteClock "0:01:00"]
[BlackClock "0:00:14"]

1. Nf3 d5 2. g3 Nf6 3. Bg2 Bf5 4. O-O e6 5. c4 c6 6. cxd5 cxd5 7. Qb3 Qb6 8. Qxb6 axb6 9. d3 Nc6 10. Nc3 Bc5 11. Nh4 Bg4 12. h3 Bh5 13. g4 Bg6 14. Nxg6 hxg6 15. a3 Ke7 16. Bg5 Bd6 17. f4 Nd4 18. e4 dxe4 19. dxe4 e5 20. Nd5+ Ke6 21. f5+ gxf5 22. exf5+ Kd7 23. Bxf6 gxf6 24. Nxb6+ Ke7 25. Nxa8 Rxa8 26. Bxb7 Rb8 27. Bd5 Rxb2 28. Rab1 Ne2+ 29. Kf2 Bc5+ 30. Kf3 Nd4+ 31. Kg3 Bxa3 32. Rxb2 Bxb2 33. Rb1 Bc3 34. Rb7+ Kd6 35. Bxf7 Be1+ 36. Kg2 e4 37. Bc4 Ke5 38. Re7+ Kf4 39. Bd5 e3 40. Re4+ 1-0


[Site "https://www.chess.com"]

[Event "Titled Tuesday Blitz February 14 Early 2023"]
[White "Florescu, Codrut-Constantin"]
[Black "Petrovic, Aleksa"]
[WhiteFideId "1202200"]
[BlackFideId "967629"]
[WhiteElo "2259"]
[BlackElo "2332"]
[Result "0-1"]
[Round "10"]
[TimeControl "180+2"]
[Date "2023.02.14"]
[WhiteClock "0:00:22"]
[BlackClock "0:00:18"]

1. e4 e6 2. Nf3 c5 3. d4 cxd4 4. Nxd4 a6 5. Bd3 Nf6 6. O-O Qc7 7. c4 Nc6 8. Nxc6 dxc6 9. Nc3 e5 10. Bg5 Nd7 11. Qf3 Nc5 12. Bc2 Ne6 13. Be3 Nd4 14. Bxd4 exd4 15. Ne2 Bd6 16. h3 c5 17. Bd3 O-O 18. Qh5 g6 19. Qh6 Bh2+ 20. Kh1 Be5 21. f4 Bg7 22. Qh4 Bd7 23. g4 Rae8 24. g5 Bc6 25. Ng3 b5 26. Rae1 bxc4 27. Bxc4 Qb7 28. f5 Qxb2 29. f6 Bh8 30. Bd5 Bxd5 31. exd5 Rxe1 32. Rxe1 d3 33. Qe4 d2 34. Rd1 Qxa2 35. d6 c4 36. d7 c3 37. Kh2 Qe6 38. Qc2 Qe3 39. Ne4 Rd8 40. Nxc3 Qf2+ 41. Kh1 Qf3+ 42. Kh2 Qf4+ 43. Kh1 Qxg5 44. Ne4 Qf5 45. Rxd2 Bxf6 46. Nxf6+ Qxf6 47. Qd3 Kg7 48. Kg2 a5 49. Kg3 a4 50. h4 Qe5+ 51. Kf3 a3 52. Qxa3 Qf5+ 53. Kg3 Qe5+ 54. Kf3 Rxd7 55. Rxd7 Qf5+ 56. Kg3 Qxd7 57. Qc3+ f6 58. Qc5 Qd3+ 59. Kg2 Qe4+ 60. Kg3 Qe5+ 0-1


[Site "https://www.chess.com"]

[Event "Titled Tuesday Blitz February 14 Early 2023"]
[White "Tologon tegin, Semetei"]
[Black "Kanyamarala, Tarun"]
[WhiteFideId "13800574"]
[BlackFideId "45004714"]
[WhiteElo "2372"]
[BlackElo "2342"]
[Result "0-1"]
[Round "10"]
[TimeControl "180+2"]
[Date "2023.02.14"]
[WhiteClock "0:00:07"]
[BlackClock "0:00:57"]

1. Nf3 d5 2. g3 g6 3. Bg2 Bg7 4. O-O c5 5. c4 d4 6. e3 Nc6 7. exd4 cxd4 8. d3 Nf6 9. Re1 O-O 10. Bf4 Nd7 11. Qc1 e5 12. Bh6 Nc5 13. Bxg7 Kxg7 14. Qd2 Re8 15. b4 Nd7 16. b5 Ncb8 17. a4 a5 18. Na3 Qc7 19. Nc2 Nf6 20. Re2 Bg4 21. h3 Bxf3 22. Bxf3 Nbd7 23. Bg2 Nc5 24. Qd1 e4 25. Nxd4 exd3 26. Rxe8 Rxe8 27. Nb3 Re2 28. Bf1 Rb2 29. Nxc5 Qxc5 30. Qf3 Ne4 31. Qe3 Qxe3 32. fxe3 d2 33. Be2 Nxg3 34. Bf3 Nf5 35. Bxb7 Nxe3 36. Bf3 Rc2 37. Ra3 Nxc4 38. Rd3 Ne5 0-1


[Site "https://www.chess.com"]

[Event "Titled Tuesday Blitz February 14 Early 2023"]
[White "Bettalli, Francesco"]
[Black "Manelyuk, Daniil"]
[WhiteFideId "2816453"]
[BlackFideId "44173920"]
[WhiteElo "2252"]
[BlackElo "2302"]
[Result "0-1"]
[Round "10"]
[TimeControl "180+2"]
[Date "2023.02.14"]
[WhiteClock "0:00:33"]
[BlackClock "0:00:11"]

1. d4 Nf6 2. Nc3 d5 3. Bf4 g6 4. e3 Bg7 5. Be2 O-O 6. h4 h5 7. Nf3 Re8 8. Ne5 Nbd7 9. Qd2 c5 10. O-O-O c4 11. g4 Nxe5 12. dxe5 Nxg4 13. Nxd5 Be6 14. Bxc4 Rc8 15. Bb3 Nxe5 16. Qe2 Qa5 17. f3 b5 18. Rhg1 Nc4 19. c3 Nxb2 20. Qxb2 Bxd5 21. Bxd5 e6 22. Be4 Rxc3+ 23. Kb1 Rc4 24. Be5 Bf8 25. Bxg6 fxg6 26. Rxg6+ Kh7 27. Rdg1 Rb4 28. Rg7+ Bxg7 29. Rxg7+ Kh6 30. Bf4+ Rxf4 31. Qe5 Qe1+ 32. Kb2 Qd2+ 33. Kb3 Rb4+ 34. Ka3 Ra4+ 35. Kb3 Qb4+ 36. Kc2 Rxa2+ 37. Kd3 Qc4# 0-1


[Site "https://www.chess.com"]

[Event "Titled Tuesday Blitz February 14 Early 2023"]
[White "Maksimenko, Viktor"]
[Black "Ramirez Allo, Eduardo"]
[WhiteFideId "13710478"]
[BlackFideId "2224178"]
[WhiteElo "2196"]
[BlackElo "2274"]
[Result "1/2-1/2"]
[Round "10"]
[TimeControl "180+2"]
[Date "2023.02.14"]
[WhiteClock "0:00:05"]
[BlackClock "0:00:04"]

1. d4 Nf6 2. c4 c5 3. d5 b5 4. cxb5 a6 5. bxa6 d6 6. Nc3 g6 7. e4 Bg7 8. Bb5+ Nbd7 9. a4 Bxa6 10. Bxa6 Rxa6 11. Nf3 O-O 12. O-O Qb6 13. Ra3 Rb8 14. Qe2 Ne8 15. h3 Nc7 16. Nd2 Qa7 17. Qd3 Rab6 18. Nc4 Rb4 19. Nb5 Qb7 20. Na5 Qb6 21. Nc6 Ne5 22. Nxe5 Bxe5 23. Nc3 Qa5 24. Qc2 Qa6 25. Rd1 e6 26. dxe6 Nxe6 27. Nd5 R4b7 28. Qd3 Qxd3 29. Raxd3 Bxb2 30. Bxb2 Rxb2 31. Ne7+ Kf8 32. Nc6 Ra8 33. Rxd6 Rxa4 34. e5 Raa2 35. Rf1 c4 36. Nd4 Nxd4 37. Rxd4 c3 38. Rc4 c2 39. Kh2 Ke7 40. Rc1 Ke6 41. f4 h5 42. Kg3 Kf5 43. Rc3 h4+ 44. Kf3 Rb1 45. R1xc2 Rxc2 46. Rxc2 Rb3+ 47. Kf2 Kxf4 48. Rc4+ Kg5 49. Rg4+ Kh5 50. Rf4 Rb7 51. Ke3 Re7 52. Kd4 Kg5 53. Rg4+ Kh5 54. Kd5 g5 55. Kd6 Re6+ 56. Kd5 Kg6 57. Re4 Kf5 58. Re1 Ra6 59. Rf1+ Kg6 60. Rf2 Ra5+ 61. Kd6 Ra6+ 62. Kd5 Rb6 63. Kd4 Rb5 64. Ke4 Rb4+ 65. Kd5 Rb6 66. Kc5 Re6 67. Kd4 Ra6 68. Kd5 1/2-1/2


[Site "https://www.chess.com"]

[Event "Titled Tuesday Blitz February 14 Early 2023"]
[White "Al-Tarboush, Ward"]
[Black "surrenderPLS"]
[WhiteFideId "7601450"]
[WhiteElo "2256"]
[BlackElo "2491"]
[Result "0-1"]
[Round "10"]
[TimeControl "180+2"]
[Date "2023.02.14"]
[WhiteClock "0:00:29"]
[BlackClock "0:00:09"]

1. e4 c5 2. Nf3 d6 3. d4 cxd4 4. Nxd4 Nf6 5. Nc3 e5 6. Nb3 Be7 7. h4 Be6 8. Bg5 Nbd7 9. Qd2 h6 10. Be3 Ng4 11. O-O-O Nxe3 12. Qxe3 Bxh4 13. Kb1 Be7 14. g3 Nf6 15. f4 Qb6 16. Qd2 Rc8 17. Bb5+ Kf8 18. f5 Bxb3 19. axb3 Rxc3 20. Qxc3 Qxb5 21. Qc8+ Ne8 22. Rd5 Qc6 23. Qa8 a6 24. g4 f6 25. Rh3 Kf7 26. Rc3 Qd7 27. Qa7 h5 28. gxh5 Rxh5 29. Qg1 Rg5 30. Qh2 Nc7 31. Rd1 Nb5 32. Rcd3 Qc6 33. Rd5 Nc7 34. R5d2 Qxe4 35. Re2 Qxf5 36. Qh4 Ne6 37. Qc4 Rg4 38. Qc8 Nd4 39. Qc4+ Qe6 40. Rf2 Qxc4 41. bxc4 f5 42. c3 Ne6 43. Rxf5+ Ke8 44. b3 g6 45. Rf2 Nc5 46. Kc2 Rg3 47. Rh2 e4 48. Re1 Bf6 49. b4 Rxc3+ 50. Kb1 Rb3+ 51. Ka2 Rxb4 52. Rf1 Ra4+ 53. Kb1 Ra1+ 54. Kc2 Rxf1 55. Rh7 e3 56. Rh3 Bd4 57. Rh4 e2 58. Rh2 b5 59. cxb5 e1=Q 60. Rh8+ Bxh8 0-1


[Site "https://www.chess.com"]

[Event "Titled Tuesday Blitz February 14 Early 2023"]
[White "Shapiro, Viktor"]
[Black "Nguyen Hong Nhung"]
[WhiteFideId "4175700"]
[BlackFideId "12412201"]
[WhiteElo "2192"]
[BlackElo "2003"]
[Result "0-1"]
[Round "10"]
[TimeControl "180+2"]
[Date "2023.02.14"]
[WhiteClock "0:00:10"]
[BlackClock "0:00:21"]

1. c4 f5 2. Nc3 Nf6 3. g3 e5 4. Bg2 d6 5. d3 g6 6. Nf3 Bg7 7. O-O O-O 8. Rb1 Nc6 9. b4 h6 10. b5 Ne7 11. c5 g5 12. cxd6 cxd6 13. Qb3+ Kh7 14. e4 Ng6 15. Bxg5 hxg5 16. Nxg5+ Kh6 17. Nf7+ Rxf7 18. Qxf7 f4 19. Nd5 Nxd5 20. exd5 Bd7 21. Be4 Be8 22. Qxb7 Rb8 23. Qxa7 Qc8 24. Rfc1 Qb7 25. Qxb7 Rxb7 26. a4 Kg5 27. Rc8 Bd7 28. Rg8 Kf6 29. h4 Ne7 30. Ra8 fxg3 31. fxg3 Bh6 32. Rf1+ Kg7 33. Kg2 Nc8 34. Bf5 Nb6 35. Ra6 Nxd5 36. Bxd7 Ne3+ 37. Kh3 Nxf1 38. Bc6 Rf7 39. g4 Be3 40. g5 Rf2 41. b6 Bf4 42. b7 Ne3 43. Bg2 Rxg2 0-1


[Site "https://www.chess.com"]

[Event "Titled Tuesday Blitz February 14 Early 2023"]
[White "Vovk, Orest"]
[Black "Hajiyev, Kanan"]
[WhiteFideId "14113490"]
[BlackFideId "13404148"]
[WhiteElo "2315"]
[BlackElo "2197"]
[Result "1-0"]
[Round "10"]
[TimeControl "180+2"]
[Date "2023.02.14"]
[WhiteClock "0:00:13"]
[BlackClock "0:00:01"]

1. h4 d5 2. h5 e5 3. h6 Nxh6 4. d4 e4 5. Bxh6 gxh6 6. e3 Rg8 7. c4 dxc4 8. Bxc4 Rxg2 9. Qh5 Qf6 10. Ne2 Qxf2+ 11. Kd2 Bg4 12. Qe5+ Be7 13. Nc3 Nd7 14. Qh8+ Nf8 15. Raf1 Qg3 16. Bxf7+ Kd7 17. Rxh6 Bg5 18. Bc4 Qxe3+ 19. Kc2 Bxh6 20. Rf7+ Kc6 21. Qe5 Rxe2+ 22. Bxe2 Bxe2 23. Qc5# 1-0


[Site "https://www.chess.com"]

[Event "Titled Tuesday Blitz February 14 Early 2023"]
[White "Cori T., Deysi"]
[Black "Womacka, Mathias"]
[WhiteFideId "3801934"]
[BlackFideId "4611390"]
[WhiteElo "2362"]
[BlackElo "2396"]
[Result "1/2-1/2"]
[Round "10"]
[TimeControl "180+2"]
[Date "2023.02.14"]
[WhiteClock "0:00:05"]
[BlackClock "0:00:37"]

1. Nf3 c5 2. e3 Nf6 3. d4 e6 4. Nbd2 Nc6 5. a3 cxd4 6. exd4 d5 7. Bd3 Be7 8. O-O O-O 9. c3 b6 10. Ne5 Bb7 11. Qf3 Qc7 12. Re1 Bd6 13. Ng4 Nxg4 14. Qxg4 Bxh2+ 15. Kh1 Bf4 16. g3 Bh6 17. Nf3 Bxc1 18. Raxc1 h6 19. Kg2 Rae8 20. Nh4 Ne7 21. Re3 g6 22. Rce1 Kg7 23. Nf3 Kh7 24. Rh1 Nf5 25. Bxf5 exf5 26. Qg5 h5 27. Rxh5+ gxh5 28. Qxf5+ Kg7 29. Qg5+ Kh7 30. Qxh5+ Kg7 31. Qg4+ Kh8 32. Qh4+ Kg7 33. Qg5+ Kh7 34. Qh4+ Kg7 35. Qg4+ Kh8 36. Qh5+ Kg7 37. Nh4 Rxe3 38. Qg5+ Kh7 39. Nf5 f6 40. Qh5+ Kg8 41. Qg6+ Kh8 42. Qh6+ Kg8 43. Qg6+ Kh8 44. Qh5+ Kg8 45. Qg6+ 1/2-1/2


[Site "https://www.chess.com"]

[Event "Titled Tuesday Blitz February 14 Early 2023"]
[White "Grycel, Kamil"]
[Black "Prado Lobo, Jonas"]
[WhiteFideId "1115499"]
[BlackFideId "32050666"]
[WhiteElo "2315"]
[BlackElo "2313"]
[Result "0-1"]
[Round "10"]
[TimeControl "180+2"]
[Date "2023.02.14"]
[WhiteClock "0:00:04"]
[BlackClock "0:00:17"]

1. b3 Nf6 2. Bb2 g6 3. Bxf6 exf6 4. c4 Bg7 5. Nc3 f5 6. Rc1 b6 7. Nf3 Bb7 8. e3 O-O 9. g3 Na6 10. d4 g5 11. Bg2 f4 12. gxf4 gxf4 13. e4 Re8 14. O-O Nb4 15. Qd2 Qf6 16. Nd5 Nxd5 17. exd5 c6 18. Ne5 Qf5 19. dxc6 dxc6 20. Qd3 Rxe5 21. Qf3 Re6 22. d5 cxd5 23. cxd5 Rg6 24. Kh1 Rd8 25. Rfd1 Bf8 26. Rc7 Bxd5 27. Qxd5 Rxd5 28. Bxd5 Rg7 29. f3 Qh3 30. Rd2 Qf1# 0-1


[Site "https://www.chess.com"]

[Event "Titled Tuesday Blitz February 14 Early 2023"]
[White "Mujumdar, Sameer"]
[Black "Belov, Alexei"]
[WhiteFideId "2029707"]
[BlackFideId "4128206"]
[WhiteElo "1992"]
[BlackElo "2421"]
[Result "0-1"]
[Round "10"]
[TimeControl "180+2"]
[Date "2023.02.14"]
[WhiteClock "0:00:20"]
[BlackClock "0:00:31"]

1. e4 e6 2. d4 d5 3. Nc3 Nf6 4. e5 Ne4 5. Nxe4 dxe4 6. Be3 c5 7. dxc5 Nd7 8. Qg4 Nxc5 9. Bb5+ Bd7 10. O-O-O Nd3+ 11. Bxd3 exd3 12. Rxd3 Qa5 13. Kb1 h5 14. Qd1 Bb5 15. Rd2 Bb4 16. c3 Bc4 17. b3 Bxc3 18. bxc4 Qb4+ 19. Kc1 Bxd2+ 20. Qxd2 Qxc4+ 21. Kb2 Rd8 22. Qc2 Qb5+ 23. Qb3 Qxe5+ 24. Kb1 Qe4+ 25. Kb2 Qxg2 26. Qxb7 Qxb7+ 0-1


[Site "https://www.chess.com"]

[Event "Titled Tuesday Blitz February 14 Early 2023"]
[White "Tymrakiewicz, Rafal"]
[Black "Golubev, Mikhail"]
[WhiteFideId "1108832"]
[BlackFideId "14100983"]
[WhiteElo "2144"]
[BlackElo "2461"]
[Result "0-1"]
[Round "10"]
[TimeControl "180+2"]
[Date "2023.02.14"]
[WhiteClock "0:00:01"]
[BlackClock "0:00:05"]

1. e4 c5 2. c3 d5 3. exd5 Nf6 4. d4 Nxd5 5. dxc5 e6 6. c4 Nb4 7. Qxd8+ Kxd8 8. Na3 Bxc5 9. Be3 Bxe3 10. fxe3 Ke7 11. Nf3 b6 12. Be2 Bb7 13. Kf2 Nd7 14. Rhd1 Nf6 15. Ne5 Rac8 16. Bf3 Bxf3 17. gxf3 Rc5 18. Nd3 Nxd3+ 19. Rxd3 Rhc8 20. Rad1 Ra5 21. R1d2 a6 22. Rb3 Nd7 23. Rc3 b5 24. b4 Ra4 25. Rb2 Nb6 26. c5 Nd5 27. Rcb3 Nxb4 28. Nxb5 axb5 29. Rxb4 Rxb4 30. Rxb4 Rxc5 31. Rb2 e5 32. Ke2 f5 33. Kd3 Ke6 34. a4 bxa4 35. Rb6+ Ke7 36. Ra6 Rd5+ 37. Kc3 e4 38. fxe4 fxe4 39. Rxa4 Rd3+ 40. Kc4 Rxe3 41. Kd5 Re1 42. Ke5 e3 43. Ra7+ Kd8 44. Ke4 e2 45. Ke3 Rh1 46. Kxe2 Rxh2+ 47. Kf3 g6 48. Kg3 Rh1 49. Rf7 Rh5 50. Kg4 Ke8 51. Rf1 Ke7 52. Rf2 Re5 53. Rf1 h5+ 54. Kh4 Ke6 55. Rf8 Rf5 56. Re8+ Kf7 57. Re3 Kg7 0-1


[Site "https://www.chess.com"]

[Event "Titled Tuesday Blitz February 14 Early 2023"]
[White "Ibadov, Dashgyn"]
[Black "Rian, Kapriaga"]
[WhiteFideId "24107514"]
[BlackFideId "7103263"]
[WhiteElo "2391"]
[BlackElo "2089"]
[Result "1-0"]
[Round "10"]
[TimeControl "180+2"]
[Date "2023.02.14"]
[WhiteClock "0:00:22"]
[BlackClock "0:00:11"]

1. e4 c6 2. d4 d5 3. Nc3 dxe4 4. Nxe4 Bf5 5. Ng3 Bg6 6. Nf3 Nd7 7. h4 h6 8. h5 Bh7 9. Bd3 Bxd3 10. Qxd3 e6 11. Bd2 Ngf6 12. O-O-O Be7 13. Ne4 O-O 14. g4 Nxg4 15. Rhg1 f5 16. Qb3 fxe4 17. Qxe6+ Rf7 18. Rxg4 exf3 19. Rxg7+ Kxg7 20. Qxh6+ Kg8 21. Rg1+ Bg5 22. Bxg5 Rg7 23. Qxg7+ Kxg7 24. Bxd8+ Kh7 25. Bg5 Re8 26. Be3 Nf6 27. Rg3 Nxh5 28. Rxf3 Kg6 29. Kd2 a6 30. c4 Rd8 31. Kc3 b5 32. b3 a5 33. d5 b4+ 34. Kd4 cxd5 35. c5 Ng7 36. c6 Nf5+ 37. Ke5 Re8+ 38. Kxd5 Rc8 39. Rxf5 Kxf5 40. Kd6 Rd8+ 41. Ke7 Rc8 42. Kd7 Rh8 43. c7 Rh7+ 44. Kc6 Rh8 45. Kb7 Rh7 46. Kb8 Rxc7 47. Kxc7 a4 48. bxa4 b3 49. axb3 Ke4 50. a5 Kf3 51. a6 Ke2 52. a7 Kf3 53. a8=Q+ Ke2 54. Qe4 Kf1 55. Bc5 Kg1 56. f4+ Kf1 57. Qf3+ Ke1 58. Bb4# 1-0


[Site "https://www.chess.com"]

[Event "Titled Tuesday Blitz February 14 Early 2023"]
[White "Todorovic, Bojan"]
[Black "Berezin, Viktor"]
[WhiteFideId "917087"]
[BlackFideId "14107872"]
[WhiteElo "2195"]
[BlackElo "2307"]
[Result "0-1"]
[Round "10"]
[TimeControl "180+2"]
[Date "2023.02.14"]
[WhiteClock "0:00:02"]
[BlackClock "0:00:56"]

1. d4 Nf6 2. c4 g6 3. Nc3 Bg7 4. e4 O-O 5. Be2 d6 6. Nf3 e5 7. O-O Na6 8. Be3 Qe7 9. d5 Nc5 10. Nd2 a5 11. a3 Ne8 12. b4 axb4 13. axb4 Rxa1 14. Qxa1 Na6 15. Qa3 f5 16. f3 f4 17. Bf2 Nf6 18. c5 g5 19. Nc4 g4 20. cxd6 cxd6 21. b5 Nc5 22. Bxc5 dxc5 23. d6 Qe8 24. Qxc5 g3 25. h3 Qh5 26. Qxe5 Qh4 27. Nb6 Bxh3 28. Bc4+ Kh8 0-1


[Site "https://www.chess.com"]

[Event "Titled Tuesday Blitz February 14 Early 2023"]
[White "Torres Dominguez, David"]
[Black "Gimenez Aguirre, Alejo Ismael"]
[WhiteFideId "2220857"]
[BlackFideId "32041667"]
[WhiteElo "1994"]
[BlackElo "2273"]
[Result "0-1"]
[Round "10"]
[TimeControl "180+2"]
[Date "2023.02.14"]
[WhiteClock "0:00:42"]
[BlackClock "0:00:57"]

1. e4 c5 2. Nc3 Nc6 3. Bb5 Nd4 4. Bc4 e6 5. Nge2 a6 6. a4 Nf6 7. O-O d5 8. exd5 exd5 9. Nxd5 Nxd5 10. Nxd4 cxd4 11. Qh5 Be6 12. Re1 Nf4 13. Qf3 Bd6 14. d3 Qf6 15. Bxf4 Bxf4 16. g3 Be5 17. Qxb7 O-O 18. Qe4 Bxc4 19. Qxe5 Qxe5 20. Rxe5 Be6 21. c4 Rab8 22. Ra5 Rxb2 23. Rxa6 Rd2 24. Ra3 Bh3 25. f4 Re8 26. Ra1 h5 27. Rd6 Ree2 0-1


[Site "https://www.chess.com"]